AoeStats
← EarthquakE

Black Forest

509463190Analyzed
4v4 RM · 6d ago on Sep 26, 2026· 41m 48s· 8 players
Game mode
Random Map
Map size
Large (8 player)
Population
200
Speed
Normal
Resources
Standard
Victory
Conquest
Starting age
Dark Age
Ending age
Imperial Age
RankedLock teamsTeams togetherTeam positionsShared explorationLock speedFull tech treeHidden civsTurbo modeCheats
Victory
Defeat
🇨🇱 Inca · Chile
1222
+14
🇬🇧 Malians · United Kingdom
1200
+14
🇹🇷 Burmese · Türkiye
1198
+15
🇨🇳 Poles · China
1190
+15
🇩🇪 Huns · Germany
1226
-17
🇩🇪 Tupi · Germany
1221
-16
🇩🇪 Ethiopians · Germany
1124
-13
🇩🇪 Chinese · Germany
1097
-12
Rokototo
10:36 Feudal Age
9:23 Loom
16:04 Castle Age
14:42 Double-Bit Axe
19:48 Bow Saw
21:55 Horse Collar
26:04 Wheelbarrow
29:34 Imperial Age
28:33 Heavy Plow
28:27 Gold Mining
28:28 Stone Mining
28:57 Loom
29:28 Hand Cart
29:11 Treadmill Crane
29:54 Scale Mail Armor
30:04 Forging
31:05 Gold Shaft Mining
30:50 Chain Mail Armor
31:05 Conscription
30:46 Fabric Shields
30:15 Champi Runner
30:58 Squires
31:31 Crop Rotation
31:09 Champi Warrior
32:30 Iron Casting
31:48 Arson
32:18 Stone Mining
33:03 Masonry
33:46 Stone Shaft Mining
32:50 Elite Champi Warrior
34:21 Plate Mail Armor
35:10 Blast Furnace
35:12 Hoardings
37:16 Elite Kamayuk
37:51 Fletching
38:41 Guard Tower
EMI
1:55 Loom
11:48 Feudal Age
16:10 Castle Age
14:10 Stone Mining
15:43 Gold Mining
15:37 Horse Collar
15:48 Double-Bit Axe
17:05 Gold Mining
27:15 Bow Saw
27:12 Heavy Plow
30:24 Imperial Age
30:15 Squires
30:01 Arson
30:19 Padded Archer Armor
30:22 Scale Mail Armor
30:32 Forging
32:09 Chemistry
31:32 Conscription
32:18 Chain Mail Armor
33:06 Masonry
34:21 Iron Casting
36:46 Plate Mail Armor
37:58 Elite Gbeto
41:09 Hoardings
41:51 Wheelbarrow
relax
11:34 Feudal Age
11:15 Loom
12:38 Double-Bit Axe
15:11 Castle Age
13:35 Horse Collar
17:15 Bow Saw
20:11 Wheelbarrow
21:05 Heavy Plow
21:19 Stone Mining
21:22 Gold Mining
22:13 Hand Cart
22:48 Stone Shaft Mining
28:01 Imperial Age
26:31 Caravan
25:56 Light Cavalry
26:38 Husbandry
27:49 Bloodlines
27:48 Scale Barding Armor
29:47 Crop Rotation
29:18 Cavalier
29:19 Winged Hussar
30:25 Chain Barding Armor
30:40 Conscription
30:58 Lechitic Legacy
31:26 Forging
32:20 Szlachta Privileges
32:15 Town Watch
34:18 Iron Casting
37:03 Blast Furnace
35:55 Fletching
EarthquakE
0:58 Loom
14:10 Feudal Age
21:59 Castle Age
20:37 Fishing Lines
23:09 Town Watch
23:41 Gillnets
24:04 Gold Mining
24:06 Stone Mining
27:22 Wheelbarrow
28:20 Hand Cart
29:24 Gold Mining
31:22 Gold Shaft Mining
31:47 Forging
31:42 Scale Barding Armor
32:40 Manipur Cavalry
33:29 Iron Casting
36:59 Imperial Age
35:31 Bloodlines
35:47 Chain Barding Armor
36:27 Husbandry
37:48 Caravan
38:18 Coinage
38:18 Guilds
39:00 Conscription
38:22 Elite Arambai
40:21 Plate Barding Armor
40:47 Blast Furnace
40:56 Chemistry
40:45 Banking
Scar
10:27 Feudal Age
15:12 Castle Age
13:28 Fishing Lines
13:39 Double-Bit Axe
16:07 Gillnets
23:54 Wheelbarrow
23:32 Bow Saw
24:41 Fletching
26:32 Loom
26:33 Town Watch
28:09 Hand Cart
28:50 Bloodlines
28:41 Husbandry
28:37 Bodkin Arrow
28:53 Caravan
29:27 Coinage
32:30 Imperial Age
30:02 Padded Archer Armor
30:38 Gold Mining
30:39 Stone Mining
31:06 Leather Archer Armor
30:33 Horse Collar
31:28 Marauders
31:34 Scale Barding Armor
32:13 Thumb Ring
32:58 Chain Barding Armor
32:40 Heavy Cavalry Archer
33:46 Parthian Tactics
32:52 Sappers
33:43 Conscription
33:29 Bracer
33:01 Elite Tarkan
34:48 Banking
34:33 Guilds
34:00 Light Cavalry
35:17 Ballistics
36:07 Chemistry
35:24 Masonry
35:13 Hussar
36:30 Plate Barding Armor
38:00 Forging
40:01 Iron Casting
39:49 Heavy Plow
40:54 Two-Man Saw
40:53 Gold Shaft Mining
[FUCKI] Obi-One Canboneme
10:00 Feudal Age
10:10 Champi Runner
12:45 Arson
13:05 Scale Mail Armor
14:11 Wheelbarrow
13:24 Double-Bit Axe
19:26 Forging
19:45 Horse Collar
20:13 Fletching
24:16 Castle Age
23:11 Stone Mining
23:34 Gold Mining
24:21 Champi Warrior
25:41 Iron Casting
29:17 Bow Saw
29:56 Hand Cart
29:54 Squires
34:07 Chain Mail Armor
37:41 Imperial Age
35:19 Pikeman
36:18 Loom
36:33 Bodkin Arrow
36:39 Padded Archer Armor
37:55 Heavy Plow
38:31 Gold Shaft Mining
38:16 Leather Archer Armor
38:08 Halberdier
41:15 Conscription
41:53 Plate Mail Armor
42:08 Ballistics
42:48 Chemistry
jonass.534
0:58 Loom
11:50 Feudal Age
17:02 Castle Age
16:14 Double-Bit Axe
16:18 Fishing Lines
22:41 Stone Mining
25:55 Horse Collar
27:02 Gillnets
28:19 Bow Saw
32:14 Town Watch
33:05 Wheelbarrow
34:23 Heavy Plow
38:12 Crossbowman
38:58 Thumb Ring
39:37 Fletching
39:50 Padded Archer Armor
Zwinge22
6:35 Loom
15:48 Feudal Age
20:14 Castle Age
18:13 Horse Collar
18:23 Double-Bit Axe
22:59 Bow Saw
22:54 Heavy Plow
25:42 Wheelbarrow
25:27 Forging
25:23 Scale Barding Armor
27:50 Hand Cart
34:36 Imperial Age
32:52 Chain Barding Armor
33:08 Iron Casting
32:35 Scale Mail Armor
33:00 Caravan
33:20 Light Cavalry
34:02 Husbandry
33:59 Man-at-Arms
34:56 Town Watch
35:22 Fletching
35:33 Padded Archer Armor
35:03 Elite Shotel Warrior
35:45 Gold Mining
35:46 Stone Mining
35:54 Crossbowman
36:40 Thumb Ring
37:56 Arbalester
Connection lost

Rejoining the realm…

Still unreachable

The connection could not be restored.

Session expired

The server has moved on; the page needs a fresh start.